 Dungeon Crawl Stone Soup version 0.18-a0-1778-gadce9fa (webtiles) character file.

77 Cathrinf the Insei (level 4, 0/24 HPs)
             Began as a Vine Stalker Monk on Apr 16, 2016.
             Slain by a giant frog skeleton (3 damage)
             ... on level 4 of the Dungeon.
             The game lasted 00:10:03 (1004 turns).

Cathrinf the Insei (Vine Stalker Monk)              Turns: 1004, Time: 00:10:05

Health: 0/24       AC:  5    Str: 15    XL:     4   Next: 34%
Magic:  0/5        EV: 12    Int: 10    God:
Gold:   83         SH:  0    Dex: 16    Spells: 0 memorised, 3 levels left

rFire  . . .     SeeInvis .     e - +0 short sword
rCold  . . .     Gourm    +     g - +0 ring mail
rNeg   . . .     Faith    .     (no shield)
rPois  .         Spirit   +     (no helmet)
rElec  .         Dismiss  .     (no cloak)
rCorr  .         Reflect  .     (no gloves)
SustAt .         Harm     .     (no boots)
MR     .....                    h - amulet of the gourmand
Stlth  ++........               (no ring)
                                f - ring of wizardry

@: lethally poisoned (0 -> -1), not resistant to hostile enchantments,
unstealthy
A: fangs 2, regeneration 1, magic shield, antimagic bite, no device heal 3, rot
immunity
a: no special abilities


You were on level 4 of the Dungeon.
You were full.

You visited 1 branch of the dungeon, and saw 4 of its levels.

You collected 83 gold pieces.

Inventory:

Hand Weapons
 d - a +0 dagger
 e - a +0 short sword (weapon)
 j - a +0 dagger
Armour
 a - a +0 robe
 c - a +0 robe
 g - a +0 ring mail (worn)
 i - a +0 leather armour
 k - a +0 ring mail
Jewellery
 f - a ring of wizardry (left hand)
 h - an amulet of the gourmand (around neck)
Potions
 l - a potion of agility
Comestibles
 b - a bread ration


   Skills:
 + Level 3.1 Fighting
 + Level 0.1 Short Blades
 + Level 0.4 Armour
 + Level 3.1 Dodging
 + Level 2.4 Stealth
 + Level 4.7 Unarmed Combat


You had 3 spell levels left.
You didn't know any spells.

Dungeon Overview and Level Annotations

Branches:
Dungeon (4/15)
 Temple: D:4-7

Altars:
Ashenzari
Dithmenos
Fedhas
Nemelex Xobeh
Trog


Innate Abilities, Weirdness & Mutations

You have extremely sharp teeth.
Your natural rate of healing is unusually fast.
When hurt, damage is shared between your health and your magic reserves.
Your bite disrupts and absorbs the magic of your enemies.
Potions and wands cannot restore your health.
You are immune to rotting.


Message History

The worker ant barely misses you. The giant cockroach closely misses you.
You closely miss the giant cockroach.
You bite the giant cockroach, but do no damage.
The giant cockroach is heavily wounded.
You feel sick.
The jackal bites you but does no damage.
The jackal closely misses you.
The giant frog skeleton barely misses you.
The worker ant closely misses you. The giant cockroach barely misses you.
The jackal barely misses you.
The giant frog skeleton hits you but does no damage.
The jackal barely misses you. The giant cockroach bites you.
* * * LOW HITPOINT WARNING * * *
The giant frog skeleton hits you but does no damage.
Eat which item? (? for menu, Esc to quit)
You feel sick.
The giant cockroach bites you but does no damage.
The worker ant misses you. The giant frog skeleton hits you.
You die...

#.......#
#.......#
#.......#
##......##
#..........
######..##.#.###
........# .# #
#####.hZ##.#
......ha@..#
.......s........
.....#..####.##.
.....$..# #
$...<#.##
.....#. .... ##
.##


You could see a worker ant, 2 jackals, a giant cockroach and a giant frog
skeleton.

Vanquished Creatures
  Ijyb (D:2)
  2 adders
  An adder skeleton (D:3)
  A dart slug (D:2)
  2 giant geckos (D:2)
  2 ball pythons
  2 bats (D:2)
  3 giant cockroaches
  2 goblins
  2 hobgoblins
  A jackal (D:4)
  A quokka (D:3)
  2 giant newts (D:2)
  4 kobolds
26 creatures vanquished.

Notes
Turn   | Place    | Note
--------------------------------------------------------------
     0 | D:1      | Cathrinf the Vine Stalker Monk began the quest for the Orb.
     0 | D:1      | Reached XP level 1. HP: 11/11 MP: 2/2
   189 | D:2      | Reached XP level 2. HP: 14/16 MP: 3/3
   206 | D:2      | Noticed Ijyb
   240 | D:2      | Killed Ijyb
   240 | D:2      | Reached XP level 3. HP: 18/20 MP: 4/4
   399 | D:2      | Found a shadowy altar of Dithmenos.
   418 | D:2      | Found a bloodstained altar of Trog.
   569 | D:2      | Found a shattered altar of Ashenzari.
   569 | D:2      | Found a sparkling altar of Nemelex Xobeh.
   571 | D:2      | Found a blossoming altar of Fedhas.
   836 | D:2      | Reached XP level 4. HP: 15/24 MP: 5/5
  1004 | D:4      | Slain by a giant frog skeleton

Vault maps used:
D:1:      sevenhm_arrival_forest_fort_large_4, serial_forest,
          infiniplex_forest_end_2, infiniplex_forest_clump_medium,
          infiniplex_forest_straight_4, infiniplex_forest_straight_2,
          infiniplex_forest_corner_1, infiniplex_forest_clump_double,
          infiniplex_forest_lined_4_way, minmay_misc_feat_diagonals,
          serial_bayou_pond_d, minmay_liquid_box, solitary_fountain,
          nicolae_ashenzari_panopticon
D:2:      nicolae_overflow_hidden_temple, uniq_iyjb
D:3:      grunt_temple_overflow_magic_moments, xom_redecorated
D:4:      first_bread, minmay_crystal_water, corexii_corridor_pit,
          uniq_blork_the_orc

Skill      XL: |  1  2  3 |
---------------+----------+-----
Fighting       | 3 |  3.1
Dodging        | 3 |  3.1
Short Blades   | |  0.1
Armour         | |  0.4
Stealth        | |  2.4
Unarmed Combat | |  4.7

Action                   |  1- 3 |  4- 6 || total
-------------------------+-------+-------++-------
Melee: Dagger            |    70 |       ||    70
       Bite              |    32 |     9 ||    41
       Unarmed           |     5 |       ||     5
       Punch             |     3 |     1 ||     4
       Short sword       |    25 |    35 ||    60
  Use: Potion            |     1 |       ||     1
       Scroll            |       |     1 ||     1
  Eat: Chunk             |     1 |       ||     1
       Meat ration       |       |     1 ||     1
Armor: Robe              |     1 |       ||     1
       Ring mail         |    53 |    31 ||    84
Dodge: Dodged            |    95 |    64 ||   159
